 Dungeon Crawl Stone Soup version 0.31-a0-175-g9f7f995f2b (webtiles) character file.

Game seed: 10959938468433841118

98 qw the Shooter (level 4, 0/28 HPs)
             Began as a Gargoyle Hunter on June 17, 2023.
             Frozen to death by an endoplasm (1 damage)
             ... on level 2 of the Dungeon.
             The game lasted 00:00:30 (1035 turns).

qw the Shooter (Gargoyle Hunter)                    Turns: 1035, Time: 00:00:30

Health: 0/28       AC: 12    Str: 15    XL:     4   Next: 69%
Magic:  4/4        EV: 11    Int:  9    God:
Gold:   79         SH:  0    Dex: 15    Spells: 3/3 levels left

rFire   . . .        Y - +0 shortbow
rCold   . . .        (shield currently unavailable)
rNeg    + . .        d - +0 ring mail
rPois   inf          (no helmet)
rElec   +            (no cloak)
rCorr   .            (no gloves)
SInv    .            (no boots)
Will    .....        (no amulet)
Stlth   +            h - +4 ring of protection
HPRegen 0.24/turn    (no ring)
MPRegen 0.09/turn

%: no passive effects
@: no status effects
A: sickness immunity, AC +3, negative energy resistance 1, electricity
resistance, torment resistance 1, petrification resistance
a: no special abilities


You were on level 2 of the Dungeon.
You visited 1 branch of the dungeon, and saw 2 of its levels.

You collected 79 gold pieces.


Innate Abilities, Weirdness & Mutations

You are immune to sickness and miasma.
Your stone body is resilient. (AC +3)
You are immune to poison.
You resist negative energy. (rN+)
You are resistant to electric shocks. (rElec)
You are resistant to unholy torment.
You are immune to petrification.


   Skills:
 - Level 3.4 Fighting
 + Level 5.1 Ranged Weapons
 - Level 1.2 Armour
 - Level 1.5 Dodging
 - Level 1.1 Stealth


You had 3 spell levels left.
You didn't know any spells.
Your spell library was empty.

Inventory:

Hand Weapons
 Y - a +0 shortbow (weapon)
Armour
 a - a +0 leather armour of positive energy
 d - a +0 ring mail (worn)
Jewellery
 h - a +4 ring of protection (left hand)
Potions
 f - a potion of magic {unknown}
 g - a potion of resistance {unknown}

Dungeon Overview and Level Annotations

Branches:
Dungeon (2/15)

Altars:


Message History

You shoot an arrow. The arrow hits the orc.
You kill the orc!
An endoplasm comes into view.
The orc hits you but does no damage.
You shoot an arrow. The arrow closely misses the orc.
The orc hits you with a +0 whip. The orc closely misses you.
You shoot an arrow. The arrow closely misses the orc.
The orc barely misses you. The orc hits you but does no damage. x2
The orc closely misses you.
You shoot an arrow. The arrow closely misses the orc.
The orc hits you but does no damage. x2
You shoot an arrow. The arrow hits the orc.
The orc is heavily wounded.
The orc hits you but does no damage. The orc barely misses you.
You shoot an arrow. The arrow hits the orc!
You kill the orc!
The orc hits you but does no damage. The adder closely misses you.
The orc closely misses you.
You shoot an arrow. The arrow barely misses the adder.
The adder misses you. The orc misses you.
You shoot an arrow. The arrow closely misses the adder.
The adder bites you. The adder bites you but does no damage.
The orc closely misses you.
You shoot an arrow. The arrow hits the adder.
The adder is moderately wounded.
The adder closely misses you. The orc hits you with a +0 hand axe.
The adder completely misses you.
You shoot an arrow. The arrow barely misses the adder.
The orc hits you but does no damage. The adder bites you but does no damage.
The orc hits you but does no damage.
You shoot an arrow. The arrow hits the adder!
You kill the adder!
The orc closely misses you.
You shoot an arrow. The arrow closely misses the orc.
The endoplasm completely misses you. The orc hits you with a +0 hand axe.
You shoot an arrow. The arrow hits the orc.
The orc is heavily wounded.
The endoplasm freezes you.
You are frozen.
You die...

###### ...... ..####
### ##...# #..
.....#####. #.# .#
###..#...#...###.##.#
# #......#.....Jo..>#
# #..##'## #@# .# +
#..#...# #.# .# #
#[.#888# #.##.#
###.####### #....#
..........########..#
###.#.######........#
#...# #.######.#
###.######.....##.#
#.%.......##.##.#


You could see an orc and an endoplasm.

Vanquished Creatures
  An orc wizard (D:2)
  2 adders (D:2)
  A worm (D:2)
  5 dart slugs (D:1)
  2 orcs (D:2)
  A ball python (D:1)
  5 bats
  An endoplasm (D:1)
  A giant cockroach (D:1)
  2 goblins (D:1)
  4 hobgoblins (D:1)
  3 quokkas (D:1)
  10 frilled lizards (D:1)
  3 kobolds (D:1)
  3 rats
44 creatures vanquished.

Notes
Turn   | Place    | Note
-------+----------+-------------------------------------------
     0 | D:1      | qw the Gargoyle Hunter began the quest for the Orb.
     0 | D:1      | Reached XP level 1. HP: 12/12 MP: 1/1
     0 | D:1      | 0 ||| qw: Version: 0.3-a-2-g5ab2908
     0 | D:1      | 0 ||| qw: Game counter: 168
     0 | D:1      | 0 ||| qw: Always use a shield: true
     0 | D:1      | 0 ||| qw: God list: Okawaru
     0 | D:1      | 0 ||| qw: Allow faded altars: false
     0 | D:1      | 0 ||| qw: Do Orc after D:15 true
     0 | D:1      | 0 ||| qw: Do second Lair branch before Depths: true
     0 | D:1      | 0 ||| qw: Lair rune preference: random
     0 | D:1      | 0 ||| qw: Plans: Normal, Zot:1-4, Slime:5, God:TSO, Crypt,
                  | Tomb, Abyss, Pan, Hells, Win
     0 | D:1      | 0 ||| PLANNING D:1-11
    74 | D:1      | Reached XP level 2. HP: 17/17 MP: 2/2
   289 | D:1      | Reached XP level 3. HP: 21/21 MP: 3/3
   303 | D:1      | Reached skill level 5 in Ranged Weapons
   839 | D:1      | 839 ||| UPGRADING to +0 ring mail.
   849 | D:1      | 849 ||| DROPPING +0 leather armour.
   850 | D:1      | 850 ||| UPGRADING to +4 ring of protection.
   851 | D:1      | 851 ||| READING scroll labelled BEITOTU QEERIEM.
   852 | D:1      | 852 ||| DROPPING scroll of butterflies.
   954 | D:2      | Reached skill level 1 in Armour
   954 | D:2      | Reached XP level 4. HP: 27/27 MP: 4/4
  1018 | D:2      | Reached skill level 3 in Fighting
  1022 | D:2      | HP: 5/28 [orc/+0 mace (6)]
  1024 | D:2      | HP: 2/28 [orc/+0 whip (4)]
  1030 | D:2      | HP: 2/28 [adder (1)]
  1035 | D:2      | Frozen to death by an endoplasm

Levels and vault maps discovered:
D:1:      roderic_octagonal_star, layout_basic, moated_statue,
          interstate_on_off, minmay_lizard_king
D:2:      layout_basic, shapermc_ecumenical_altar_mp_vishouse,
          dk_noncrumbling_4, serial_bayou_ford_a

Skill      XL: |  1  2  3  4 |
---------------+-------------+-----
Ranged Weapons | 5 |  5.1
Armour         | 1 |  1.2
Fighting       | 3 |  3.4
Dodging        | |  1.5
Stealth        | |  1.1

Action                     |  1- 3 |  4- 6 || total
---------------------------+-------+-------++-------
   Fire: Shortbow          |   120 |    28 ||   148
    Use: Scroll            |     1 |       ||     1
 Armour: Leather armour    |    14 |       ||    14
         Ring mail         |     8 |    19 ||    27
  Dodge: Dodged            |    46 |    16 ||    62

Table legend:
 A = Non-vault XP
 B = Vault XP
 C = Vault XP percentage of total XP
 D = Non-vault monster count
 E = Vault monster count
 F = Vault count percentage of total count
                 A         B        C        D         E       F
            +---------+---------+-------+---------+---------+-------
      Total |     131 |       9 |   6.4 |      35 |       9 |  20.5
            +---------+---------+-------+---------+---------+-------
        D:1 |      57 |       9 |  13.6 |      27 |       9 |  25.0
        D:2 |      74 |       0 |   0.0 |       8 |       0 |   0.0
            +---------+---------+-------+---------+---------+-------
